AoeStats
← 知耻而后勇喜笑颜开

Arabian Desert

508584598Analyzed
1v1 RM · 9d ago on Sep 23, 2026· 40m 19s· 2 players
Game mode
Random Map
Map size
Tiny (2 player)
Population
200
Speed
Normal
Resources
Standard
Victory
Conquest
Starting age
Dark Age
Ending age
Imperial Age
RankedLock teamsTeams togetherTeam positionsShared explorationLock speedFull tech treeHidden civsTurbo modeCheats
Victory
Defeat
1335
+17
🇲🇽 Varangians · Mexico
1361
-17
知耻而后勇喜笑颜开
8:47 Feudal Age
9:24 Double-Bit Axe
9:39 Loom
10:29 Wheelbarrow
9:42 Town Watch
10:32 Wheelbarrow
11:14 Horse Collar
12:05 Forging
14:30 Fletching
15:00 Scale Mail Armor
16:22 Padded Archer Armor
16:37 Gold Mining
22:11 Castle Age
20:48 Scale Barding Armor
21:28 Stone Mining
23:38 Iron Casting
22:28 Light Cavalry
23:36 Bow Saw
24:01 Heavy Plow
25:19 Bodkin Arrow
28:42 Sanctity
29:44 Devotion
31:41 Treadmill Crane
31:50 Clerical Recruitment
33:56 Hand Cart
35:02 Ballistics
40:07 Imperial Age
38:15 Chain Mail Armor
38:20 Chain Barding Armor
39:34 Masonry
40:20 Gold Shaft Mining
40:50 Bracer
41:50 Chemistry
40:56 Siege Engineers
41:21 Architecture
DS_Matijuz
6:34 Loom
9:06 Feudal Age
9:38 Double-Bit Axe
17:23 Wheelbarrow
18:28 Forging
19:12 Gold Mining
22:11 Castle Age
20:47 Scale Barding Armor
21:31 Bloodlines
21:13 Horse Collar
23:33 Bow Saw
24:59 Heavy Plow
25:37 Husbandry
28:07 Town Watch
28:59 Devotion
32:00 Hand Cart
37:30 Imperial Age
Connection lost

Rejoining the realm…

Still unreachable

The connection could not be restored.

Session expired

The server has moved on; the page needs a fresh start.